 Dungeon Crawl Stone Soup version 0.31.0-11-ge490571c62 (webtiles) character file.

Game seed: 2546579605221991004

984 browni3141 the Chopper (level 7, -8/63 HPs)
             Began as a Minotaur Fighter on Jan 29, 2024.
             Mangled by Menkaure (13 damage)
             ... on level 4 of the Dungeon.
             The game lasted 00:02:03 (3087 turns).

browni3141 the Chopper (Minotaur Fighter)           Turns: 3087, Time: 00:02:04

Health: -8/63      AC: 13    Str: 23    XL:     7   Next: 97%
Magic:  6/6        EV: 10    Int:  5    God:
Gold:   272        SH:  5    Dex:  9    Spells: 6/6 levels left

rFire   . . .        a - +0 war axe
rCold   . . .        c - +0 buckler
rNeg    + . .        p - +0 pearl dragon scales
rPois   .            (helmet restricted)
rElec   .            o - +0 cloak
rCorr   .            (no gloves)
SInv    .            (no boots)
Will    .....        (no amulet) Stlth
                     (no ring)
HPRegen 0.30/turn    (no ring)
MPRegen 0.10/turn

%: no passive effects
@: no status effects
A: horns 2, retaliatory headbutt
a: no special abilities


You were on level 4 of the Dungeon.
You visited 1 branch of the dungeon, and saw 4 of its levels.
You also visited: Sewer.

You collected 272 gold pieces.

Inventory:

Hand Weapons
 a - a +0 war axe (weapon)
Armour
 b - a +0 scale mail
 c - a +0 buckler (worn)
 i - +0 storm dragon scales
 o - a +0 cloak (worn)
 p - +0 pearl dragon scales (worn)
Jewellery
 k - an amulet of regeneration
Wands
 d - a wand of light (3)
Scrolls
 e - a scroll of amnesia {unknown}
 f - 2 scrolls of immolation {unknown}
 h - 5 scrolls of teleportation {unknown}
 j - 2 scrolls of identify {unknown}
 l - 3 scrolls of revelation {unknown}
 q - a scroll of vulnerability {unknown}
 s - a scroll of enchant armour {unknown}
Potions
 g - a potion of haste {unknown}
 n - a potion of heal wounds {unknown}
 r - 2 potions of curing {unknown}
 t - a potion of berserk rage


   Skills:
 + Level 6.0 Fighting
 * Level 6.9 Axes
 + Level 5.8 Armour
 + Level 3.1 Dodging
 + Level 5.7 Shields


You had 6 spell levels left.
You didn't know any spells.
Your spell library contained the following spells:

 Spells                   Type           Power      Damage    Failure   Level
 Frozen Ramparts          Ice            0%         1d1       99%         3
 Leda's Liquefaction      Alch/Erth      0%         N/A       100%        4
 Petrify                  Alch/Erth      0%         N/A       100%        4
 Metabolic Englaciation   Hex/Ice        0%         N/A       100%        5


Dungeon Overview and Level Annotations

Branches:
Dungeon (4/15)              Sewer (visited)
 Temple: D:4-7

Altars:
Wu Jian

Shops:
D:3 :

Annotations:
D:4 Menkaure


Innate Abilities, Weirdness & Mutations

You have a pair of horns on your head.
You reflexively headbutt those who attack you in melee.


Message History

A kobold is nearby!
You slash the kobold!
You kill the kobold!
No target in view!
An adder comes into view.
An adder is nearby!
An adder is nearby!
You barely miss the adder. The adder completely misses you.
You furiously retaliate!
You headbutt the adder. You hit the adder but do no damage.
The adder is lightly wounded.
The adder bites you but does no damage. The adder misses you.
You closely miss the adder. You headbutt the adder!
The adder is severely wounded.
The adder bites you.
You hit the adder.
You kill the adder!
r - 2 fizzy brown potions (gained 1)
You see here an adder corpse.
Found an escape hatch in the floor.
No target in view!
An endoplasm comes into view.
The endoplasm moves out of view.
A bombardier beetle comes into view.
Sigmund and Menkaure come into view.
Sigmund is wielding a +2 scythe of protection.
Sigmund shouts!
Sigmund gestures at you while chanting. The puff of flame hits you!
There are monsters nearby!
Sigmund is suddenly surrounded by pale blue light.
Sigmund casts a spell at you. The magic dart hits you!
Menkaure gestures wildly while chanting.
Menkaure seems to speed up.
There are monsters nearby!
An endoplasm comes into view.
The endoplasm freezes you.
You are frozen.
Menkaure calls on the powers of darkness!
The endoplasm convulses!
Your body is wracked with pain!
The endoplasm quivers.
You hit the endoplasm.
The endoplasm is severely wounded.
Menkaure calls on the powers of darkness!
Your body is wracked with pain!
The endoplasm freezes you.
You are frozen.
There are monsters nearby!
You slash the endoplasm!
You kill the endoplasm!
There are monsters nearby!
Aiming: Paralyse
Press: ? - help, Shift-Dir - straight line, f - Menkaure
Aim: Menkaure (fast, chance to affect: 49%) Menkaure suddenly stops moving!
Aiming: Paralyse
Press: ? - help, Shift-Dir - straight line, f - Sigmund, p - Menkaure
Aim: Sigmund, wielding a +2 scythe of protection and wearing a +0 robe (chance to affect: 57%) Sigmund resists with significant effort.
Sigmund closely misses you.
Unknown command.
Aiming: Paralyse
Press: ? - help, Shift-Dir - straight line, f/p - Sigmund
Aim: Sigmund, wielding a +2 scythe of protection and wearing a +0 robe (chance to affect: 57%) Sigmund suddenly stops moving!
The helpless Sigmund fails to defend himself.
You slash Sigmund! You headbutt Sigmund.
Sigmund is moderately wounded.
The helpless Menkaure fails to defend himself.
You hit Menkaure. You slash the endoplasm!
You kill the endoplasm!
The helpless Sigmund fails to defend himself.
You hit Sigmund but do no damage. You headbutt Sigmund!
Sigmund is almost dead.
The helpless Menkaure fails to defend himself.
You hit Menkaure but do no damage.
The helpless Sigmund fails to defend himself.
You hit Sigmund but do no damage.
Sigmund is severely wounded.
The helpless Menkaure fails to defend himself.
You hit Menkaure.
Menkaure is no longer paralysed.
You block Menkaure's attack.
The helpless Sigmund fails to defend himself.
You slash Sigmund!
You kill Sigmund!
You slash Menkaure! Menkaure barely misses you.
Your Fighting skill increases to level 6!
Your Dodging skill increases to level 3!
You hit Menkaure but do no damage.
Menkaure is heavily damaged.
Menkaure completely misses you. You furiously retaliate!
You headbutt Menkaure! Menkaure hits you!
You are too injured to fight recklessly!
You are too injured to fight recklessly!
Aiming: Paralyse
Press: ? - help, Shift-Dir - straight line, f - Menkaure
Aim: Menkaure (almost destroyed, fast, chance to affect: 49%) Menkaure resists with some effort.
The now-empty wand crumbles to dust.
Menkaure hits you!
You die...

#... #....... #. ##..
.## .....?## #.. ###
...##......##... #
#............... ###
B...#.......... ..#..
#..$...............
##.....>..........
..###@...#............
#.....)BM..........##...
.......#.#..###.....#...
#....###.#..........##..
..... ..#.......... #..
##.# ####..............
#..###.# #..#...........
#..#.... ##.##...... ...
..#....##.....##.......


You could see Menkaure (fast) and a bombardier beetle.

Vanquished Creatures
  Pikel (D:3)
  Sigmund (D:4)
  A crocodile (Sewer)
  A lemure (D:3)
  A brain worm (Sewer)
  A bombardier beetle (D:3)
  A jelly (D:4)
  Crazy Yiuf (D:2)
  Terence (D:2)
  3 adders
  5 dart slugs
  2 ribbon worms
  An orc (D:3)
  13 bats
  9 endoplasms
  9 giant cockroaches
  7 hobgoblins
  11 kobolds
  3 quokkas
  3 ball pythons
  3 frilled lizards (D:1)
  5 goblins
  4 rats
87 creatures vanquished.

Notes
Turn   | Place    | Note
-------+----------+-------------------------------------------
     0 | D:1      | browni3141 the Minotaur Fighter began the quest for the
                  | Orb.
     0 | D:1      | Reached XP level 1. HP: 19/19 MP: 0/0
   227 | D:1      | Reached XP level 2. HP: 27/27 MP: 1/1
   707 | D:2      | Reached XP level 3. HP: 33/33 MP: 2/2
  1188 | D:2      | Found a runed translucent door.
  1189 | D:2      | Noticed Crazy Yiuf
  1456 | D:2      | Noticed Terence
  1464 | D:2      | Killed Terence
  1465 | D:2      | Reached XP level 4. HP: 33/40 MP: 3/3
  1582 | D:2      | Paralysed by Crazy Yiuf for 1 turns
  1583 | D:2      | Killed Crazy Yiuf
  1797 | D:3      | Found Mefulamm's Book Shoppe.
  2096 | D:3      | Found an ornate altar of the Wu Jian Council.
  2117 | D:3      | Reached XP level 5. HP: 35/47 MP: 4/4
  2327 | D:4      | Noticed Pikel
  2327 | D:4      | Noticed a lemure
  2327 | D:4      | Noticed a lemure
  2327 | D:4      | Noticed a lemure
  2327 | D:4      | Noticed a lemure
  2333 | D:3      | Killed a lemure
  2338 | D:3      | Killed Pikel
  2339 | D:3      | Reached skill level 5 in Fighting
  2339 | D:3      | Reached skill level 5 in Axes
  2339 | D:3      | Reached skill level 5 in Armour
  2339 | D:3      | Reached skill level 5 in Shields
  2339 | D:3      | Reached XP level 6. HP: 6/56 MP: 5/5
  2339 | D:3      | Reached XP level 7. HP: 6/61 MP: 6/6
  2623 | D:4      | Found a glowing drain.
  2635 | Sewer    | Entered a sewer
  2916 | Sewer    | Identified the +3 arbalest "Fizabig" {drain, Int+4}
  3073 | D:4      | Noticed Sigmund
  3073 | D:4      | Noticed Menkaure
  3085 | D:4      | Killed Sigmund
  3087 | D:4      | Mangled by Menkaure

Illustrated notes

Levels and vault maps discovered:
D:1:      matt_arrival_diagonals, layout_loops_ring, st_stairs_2
D:2:      layout_basic, uniq_terence, uniq_crazy_yiuf_cottage
D:3:      layout_basic, nzn_wu_jian_contemplation, serial_shops,
          nicolae_book_shop_shelving
D:4:      layout_cave_pools, portal_sewer_entry_f, uniq_sigmund, uniq_menkaure,
          uniq_pikel

Skill      XL: |  1  2  3  4  5  6  7 |
---------------+----------------------+-----
Axes           | 3 4 5 6 |  6.9
Fighting       | 4 5 6 |  6.0
Armour         | 4 5 |  5.8
Shields        | 4 5 |  5.7
Dodging        | 2 3 |  3.1

Action                     |  1- 3 |  4- 6 |  7- 9 || total
---------------------------+-------+-------+-------++-------
  Melee: War axe           |    81 |    45 |    69 ||   195
         Headbutt          |     9 |    13 |     9 ||    31
  Evoke: Wand              |       |       |     5 ||     5
    Use: Potion            |       |     1 |       ||     1
   Stab: Paralysed         |       |       |     8 ||     8
 Armour: Scale mail        |    28 |       |       ||    28
         Storm dragon scal |    25 |     7 |       ||    32
         Pearl dragon scal |       |    21 |    73 ||    94
  Dodge: Dodged            |    32 |    20 |    47 ||    99
  Block: Buckler           |    18 |     3 |    17 ||    38
